 Dungeon Crawl Stone Soup version 0.21.1-1-g345015f (webtiles) character file.

79 Monsterracer the Insei (level 4, -3/30 HPs)
             Began as a Merfolk Enchanter on Feb 7, 2018.
             Killed from afar by an orc wizard (9 damage)
             ... with a puff of frost
             ... on level 3 of the Dungeon.
             The game lasted 00:03:13 (2477 turns).

Monsterracer the Insei (Merfolk Enchanter)          Turns: 2477, Time: 00:03:13

Health: -3/30      AC:  2    Str: 16    XL:     4   Next: 37%
Magic:  0/7        EV: 13    Int: 14    God:
Gold:   155        SH:  0    Dex: 15    Spells: 4/7 levels left

rFire    . . .     SeeInvis .   b - +1 dagger
rCold    . . .     Gourm    .   (no shield)
rNeg     . . .     Faith    .   a - +0 robe
rPois    .         Spirit   .   (no helmet)
rElec    .         Reflect  .   (no cloak)
rCorr    .         Harm     .   (no gloves)
MR       .....                  (no boots)
Stlth    ++........             (no amulet)
HPRegen  0.10/turn              g - +3 ring of strength
MPRegen  0.10/turn              l - +5 ring of strength

@: no status effects
A: change form in water, swift swim, stealthy swim
a: no special abilities


You were on level 3 of the Dungeon.
You were very hungry.

You visited 1 branch of the dungeon, and saw 3 of its levels.

You collected 155 gold pieces.

Inventory:

Hand Weapons
 b - a +1 dagger (weapon)
Armour
 a - a +0 robe (worn)
Jewellery
 g - a +3 ring of strength (left hand)
 l - a +5 ring of strength (right hand)
Scrolls
 d - a scroll of fog {unknown}
 e - 4 scrolls of remove curse {unknown}
 f - 3 scrolls of teleportation {unknown}
 h - 3 scrolls of identify {unknown}
Potions
 i - a potion of cancellation {unknown}
 j - a potion of lignification {unknown}
 k - a potion of might {unknown}
 m - 2 potions of resistance {unknown}
 n - a potion of berserk rage {unknown}
 o - a potion of flight {unknown}
Comestibles
 c - 2 rations


   Skills:
 - Level 1.2 Short Blades
 - Level 2.6 Dodging
 - Level 3.2 Stealth
 + Level 4.2 Unarmed Combat
 - Level 2.0 Spellcasting
 - Level 3.0 Hexes


You had 4 spell levels left.
You knew the following spells:

 Your Spells              Type           Power        Failure   Level  Hunger
a - Corona                Hex            #......      7%          1    ##.....
b - Ensorcelled Hibernat  Hex/Ice        #.....       19%         2    ###....


Dungeon Overview and Level Annotations

Branches:
Dungeon (3/15)

Altars:

Annotations:
D:3 Robin


Message History

You are feeling hungry.
Health restored: 24; MP restored: 6
n - a purple potion You see here 10 stones.
You now have 155 gold pieces (gained 10).
A kobold comes into view.
A kobold is nearby!
A kobold is nearby!
A kobold is nearby!
The helpless kobold fails to defend itself.
You hit the kobold.
You kill the kobold!
Found a stone staircase leading up.
A goblin comes into view.
Found a sedimented green potion.
b - a +1 dagger (weapon)
The goblin shouts!
You hit the goblin.
The goblin is severely wounded.
The goblin misses you.
You hit the goblin.
You kill the goblin!
o - a sedimented green potion An orc priest comes into view.
It is wielding a club.
An orc priest is nearby!
Casting: Corona
Confirm with . or Enter, or press ? or * to list all spells.
Aiming: Ensorcelled Hibernation
Press: ? - help, Shift-Dir - straight line, f - orc priest
Aim: an orc priest, wielding a club (chance to defeat MR: 37%)
You miscast Ensorcelled Hibernation.
You are very lightly contaminated with residual magic.
Nothing appears to happen.
You now have 4/6 mp.
Casting: Ensorcelled Hibernation
Confirm with . or Enter, or press ? or * to list all spells.
Aiming: Ensorcelled Hibernation
Press: ? - help, Shift-Dir - straight line, f/p - orc priest
Aim: an orc priest, wielding a club (chance to defeat MR: 37%)
The orc priest looks drowsy...
You now have 2/6 mp.
The helpless orc priest fails to defend itself.
You puncture the orc priest!
You kill the orc priest!
Your Unarmed Combat skill increases to level 4!
You have reached level 4!
Health restored: 30 A leopard gecko comes into view.
A leopard gecko is nearby!
An orc wizard comes into view. It is wielding a dagger.
You see here a club.
An orc wizard comes into view. It is wielding a dagger.
The orc wizard shouts!
You hear a shout!
Found a bubbling brown potion.
An orc comes into view. It is wielding a hand axe.
Robin of the Strong Arm comes into view.
She is wielding a falchion.
The orc wizard casts a spell at you. The magic dart hits you!
You take 6 damage, and have 24/30 hp.
The orc wizard casts a spell.
The orc wizard seems to speed up.
The orc shouts!
You hear a shout! x3
The orc wizard casts a spell.
The orc wizard flickers and vanishes!
Deactivating autopickup; reactivate with Ctrl-A.
You see here a club.
The orc wizard gestures at you while chanting.
The magic dart hits you!
* * * LOW HITPOINT WARNING * * *
The orc wizard looks encouraged for a moment.
You take 9 damage, and have 15/30 hp.
MASSIVE DAMAGE!!
The orc wizard casts a spell at you. The magic dart hits you!
* * * LOW HITPOINT WARNING * * *
You take 10 damage, and have 5/30 hp.
MASSIVE DAMAGE!!
Your magical contamination has completely faded away.
Casting: Ensorcelled Hibernation
Confirm with . or Enter, or press ? or * to list all spells.
Aiming: Ensorcelled Hibernation
Press: ? - help, Shift-Dir - straight line, f - orc wizard
Aim: an orc wizard, wielding a dagger and wearing a robe (fast, chance to defeat MR: 37%)
The orc wizard easily resists.
The orc wizard begins to cast a cantrip, but forgets the words!
You now have 2/7 mp.
Casting: Ensorcelled Hibernation
Confirm with . or Enter, or press ? or * to list all spells.
Aiming: Ensorcelled Hibernation
Press: ? - help, Shift-Dir - straight line, f/p - orc wizard
Aim: an orc wizard, wielding a dagger and wearing a robe (fast, chance to defeat MR: 37%)
The orc wizard easily resists.
You are feeling very hungry.
The orc wizard hits you but does no damage.
The orc wizard casts a spell at you. The puff of frost misses you.
You now have 0/7 mp.
The orc wizard barely misses you.
The orc wizard gestures at you while chanting.
The puff of frost hits you!
You die...

.........<.+.........
#####...####.........
##..## ##.......#
#..## ##.....## #.##
##...## #.# ##+## #.#
#.# ########.# #@#
#... .!#.####
#.####.####.......
#.o..{....#.......
######.##.#.......
#.# .........
#.####.......
#...)o..o....
########{..l. .....


You could see an orc wizard.

Vanquished Creatures
  An orc priest (D:3)
  An adder (D:2)
  An ooze (D:2)
  2 dart slugs
  2 leopard geckos
  5 goblins
  3 hobgoblins
  5 jackals (D:1)
  4 kobolds
  2 ball pythons (D:1)
  A bat (D:3)
  2 frilled lizards
29 creatures vanquished.

Notes
Turn   | Place    | Note
-------+----------+-------------------------------------------
     0 | D:1      | Monsterracer the Merfolk Enchanter began the quest for the Orb.
     0 | D:1      | Reached XP level 1. HP: 13/13 MP: 3/3
    33 | D:1      | HP: 6/13 [kobold (3)]
   226 | D:1      | Reached skill level 1 in Unarmed Combat
   609 | D:1      | Reached XP level 2. HP: 16/19 MP: 3/5
   615 | D:1      | Reached skill level 2 in Unarmed Combat
   619 | D:1      | Learned a level 2 spell: Ensorcelled Hibernation
  1407 | D:1      | You fall through a shaft!
  1412 | D:2      | Reached skill level 3 in Unarmed Combat
  1412 | D:2      | Reached XP level 3. HP: 24/24 MP: 3/6
  2453 | D:3      | Reached skill level 4 in Unarmed Combat
  2453 | D:3      | Reached XP level 4. HP: 30/30 MP: 2/7
  2461 | D:3      | Noticed Robin
  2465 | D:3      | HP: 15/30 [orc wizard/magic dart (9)]
  2467 | D:3      | HP: 5/30 [orc wizard/magic dart (10)]
  2477 | D:3      | Killed from afar by an orc wizard

Skill      XL: |  1  2  3 |
---------------+----------+-----
Unarmed Combat | 1 3 4 |  4.2
Short Blades   | |  1.2
Dodging        | |  2.6
Stealth        | |  3.2
Spellcasting   | |  2.0
Hexes          | |  3.0

Action                   |  1- 3 |  4- 6 || total
-------------------------+-------+-------++-------
Melee: Dagger            |    67 |       ||    67
       Unarmed           |    21 |       ||    21
       Punch             |     3 |       ||     3
 Cast: Corona            |     5 |       ||     5
       Ensorcelled Hiber |     5 |     2 ||     7
 Stab: Sleeping          |     8 |       ||     8
  Eat: Chunk             |     1 |       ||     1
       Ration            |     1 |       ||     1
Armor: Robe              |    13 |       ||    13
Dodge: Dodged            |    49 |     2 ||    51

Vault maps used:
D:1:      kennysheep_arrival_seaside
D:3:      nicolae_qazlal_eye_of_the_storm, first_ration, uniq_robin
